 Dungeon Crawl Stone Soup version 0.26-a0-859-gf57989e088 (webtiles) character file.

Game seed: 12963650618972228510

13514 Morbidden the Covert (level 12, -3/63 HPs)
             Began as a Vine Stalker Brigand on Nov 22, 2020.
             Was an Initiate of Gozag.
             Slain by a cane toad (12 damage)
             ... on level 2 of the Lair of Beasts on Nov 25, 2020.
             The game lasted 00:29:48 (12219 turns).

Morbidden the Covert (Vine Stalker Brigand)        Turns: 12219, Time: 00:29:49

Health: -3/63      AC: 13    Str: 15    XL:     12   Next: 6%
Magic:  0/25       EV: 13    Int: 15    God:    Gozag
Gold:   917        SH:  9    Dex: 16    Spells: 20/27 levels left

rFire    . . .     SeeInvis .   a - +1 dagger (venom)
rCold    . . .     Faith    .   N - +1 kite shield {AC+3}
rNeg     . . .     Spirit   +   L - +0 swamp dragon scales
rPois    +         Reflect  .   (no helmet)
rElec    .         Harm     .   C - scarf {repulsion}
rCorr    .         Rampage  .   (no gloves)
MR       ++...                  D - +0 pair of boots
Stlth    +++.......             (no amulet)
HPRegen  1.00/turn              m - ring of protection from magic
MPRegen  0.19/turn              (no ring)

@: lethally poisoned (-3 -> -10), studying Armour, repel missiles
A: fangs 3, regeneration 2, magic shield, antimagic bite, no potion heal 3, rot
immunity
a: Potion Petition, Call Merchant, Bribe Branch, Renounce Religion


You were on level 2 of the Lair of Beasts.
You worshipped Gozag.
Gozag was pleased with you.
You visited 3 branches of the dungeon, and saw 13 of its levels.
You also visited: Sewer.

You collected 1961 gold pieces.
You spent 198 gold pieces at shops.
You paid 846 gold pieces to Gozag.

Inventory:

Hand Weapons
 a - a +1 dagger of venom (weapon)
 b - a +1 falchion of holy wrath
 c - a +1 falchion of protection
 u - a +0 long sword
Missiles
 i - a curare-tipped dart
 j - 3 datura-tipped darts
 n - 32 poisoned darts
 s - 27 boomerangs (quivered)
 E - 7 javelins
 O - 8 atropa-tipped darts
Armour
 C - a scarf of repulsion (worn)
 D - a +0 pair of boots (worn)
 L - +0 swamp dragon scales (worn)
 N - a +1 kite shield of protection (worn)
Jewellery
 m - a ring of protection from magic (left hand)
 R - a cursed ring of flight
Wands
 d - a wand of iceblast (8)
 w - a wand of flame (30)
 I - a wand of paralysis (4)
 J - a wand of polymorph (11)
 P - a wand of acid (13)
Scrolls
 e - a scroll of enchant armour {unknown}
 k - 6 scrolls of teleportation
 v - 4 scrolls of amnesia {unknown}
 y - 5 scrolls of identify
 B - 3 scrolls of remove curse
 F - 2 scrolls of fog {unknown}
 H - 2 scrolls of fear {unknown}
 K - 5 scrolls of enchant weapon {unknown}
 M - a scroll of random uselessness {unknown}
 Q - a scroll of blinking
Potions
 f - a potion of magic
 g - 3 potions of attraction {unknown}
 h - 7 potions of haste {unknown}
 l - 4 potions of degeneration {unknown}
 o - a potion of invisibility {unknown}
 p - a potion of brilliance {unknown}
 q - 2 potions of lignification
 r - 2 potions of cancellation {unknown}
 t - 2 potions of mutation {unknown}
 x - 2 potions of flight {unknown}
 z - 5 potions of curing {unknown}
 A - 3 potions of might
 S - a potion of heal wounds {unknown}
Books
 G - a manual of Armour


   Skills:
 * Level 7.6 Fighting
 + Level 6.5(6.6) Short Blades
 + Level 1.2(4.2) Long Blades
 + Level 5.5 Throwing
 + Level 6.7 Armour
 * Level 7.7 Dodging
 + Level 8.8 Stealth
 + Level 1.4 Shields
 * Level 8.0 Spellcasting
 * Level 1.0 Conjurations
 + Level 0.2 Evocations


You had 20 spell levels left.
You knew the following spells:

 Your Spells              Type           Power        Failure   Level
a - Orb of Destruction    Conj           #.........   100%        7

Your spell library contained the following spells:

 Spells                   Type           Power        Failure   Level
 Magic Dart               Conj           #...         63%         1
 Blink                    Tloc           N/A          88%         2
 Call Imp                 Summ           #.......     88%         2
 Slow                     Hex            #.......     88%         2
 Conjure Flame            Conj/Fire      #.......     97%         3
 Mephitic Cloud           Conj/Pois/Air  #.......     97%         3
 Cause Fear               Hex            #.........   100%        4
 Bolt of Magma            Conj/Fire/Erth #.........   100%        5
 Iskenderun's Battlesphe  Conj           #.......     100%        5
 Silence                  Hex/Air        #.........   100%        5
 Yara's Violent Unravell  Hex/Tmut       #.........   100%        5
 Iron Shot                Conj/Erth      #.........   100%        6
 Spellforged Servitor     Conj/Summ      #.........   100%        7
 Discord                  Hex            #.........   100%        8


Dungeon Overview and Level Annotations

Branches:
Dungeon (10/15)            Temple (1/1) D:5            Lair (2/6) D:9
  Snake (0/4) Lair:2        Sewer (visited)
  Swamp: Lair:2-4    Shoals: Lair:2-4       Orc: D:9-12

Altars:
Ashenzari
Cheibriados
Dithmenos
Elyvilon
Fedhas
Gozag
Hepliaklqana
Kikubaaqudgha
Makhleb
Nemelex Xobeh
Okawaru
Qazlal
Ru
Sif Muna
Trog
Uskayaw
Vehumet
Wu Jian
Xom
Yredelemnul
Zin
The Shining One

Shops:
Lair:1 [

Annotations:
D:3 2 transporters
Lair:1 exclusion: oklob plant


Innate Abilities, Weirdness & Mutations

You have razor-sharp teeth.
You heal very quickly.
When hurt, damage is shared between your health and your magic reserves.
Your bite disrupts and absorbs the magic of your enemies.
Potions cannot restore your health.
You are immune to rotting.


Message History

The cane toad looks as sick as possible!
Your bite misses the cane toad.
The cane toad is heavily wounded.
You feel sick. The cane toad stings you!
You are more poisoned.
The cane toad poisons you!
You hit the cane toad but do no damage. You bite the cane toad.
You drain its power.
You feel invigorated.
The cane toad is severely wounded.
You feel sick. The cane toad stings you!
* * * LOW HITPOINT WARNING * * *
You hit the cane toad but do no damage.
The cane toad is severely wounded.
You feel sick. The cane toad closely misses you.
Unknown command.
You hit the cane toad but do no damage.
The cane toad is severely wounded.
You feel sick. The cane toad stings you!!
You die...
Your body crumbles into a pile of gold.

.####P......## #................
.####........####................
#.##...#...........P.............
.#......#........................
.....#.##..................###..#
......##......#.|..........# ##.#
......# .....###.......P...# #..
.......# .....#............####..
......... .P#.F@..# #.....##...
......P........##.######......#..
.....#........ #....##..........
......#...##. #.#........##......
# #.P........#####.##
#...###.#..P####..#
.....##.#......#...#
.###.####...###.....# # ##
#...##..#....


You could see a cane toad (extremely poisoned).

Vanquished Creatures
  2 two-headed ogres
  An unseen horror (D:9)
  Maggie (D:8)
  6 cane toads
  3 komodo dragons
  A rime drake (Lair:2)
  6 blink frogs
  A wyvern (Lair:2)
  12 yaks
  2 basilisks (Lair:1)
  A spriggan (Lair:1)
  3 nagas (Lair:2)
  6 water moccasins
  4 black bears
  3 sky beasts
  3 orc warriors
  Purgy (Sewer)
  2 ice beasts (D:7)
  2 necrophages
  4 ogres
  3 centaurs
  A gnoll sergeant (D:9)
  A big kobold (D:9)
  6 bullfrogs
  4 killer bees (D:9)
  2 howler monkeys
  A jelly (D:6)
  3 bullfrog zombies
  A quasit (D:7)
  10 orc priests
  A centaur skeleton (D:8)
  3 hounds
  21 orc wizards
  A bullfrog skeleton (D:9)
  2 iguanas
  4 worker ants
  A killer bee zombie (D:8)
  A hound zombie (D:8)
  2 hound skeletons
  A howler monkey skeleton (D:8)
  8 adders
  3 gnolls (D:9)
  4 white imps
  An ufetubus (D:10)
  An adder skeleton (D:4)
  4 worms
  A dart slug (D:1)
  4 leopard geckos
  37 orcs
  6 bats
  8 giant cockroaches
  11 goblins
  8 hobgoblins
  4 jackals (D:1)
  11 kobolds
  2 quokkas
  5 frilled lizards
  A quokka skeleton (D:5)
  5 rats
257 creatures vanquished.

Vanquished Creatures (collateral kills)
  An orc priest (D:4)
1 creature vanquished.

Vanquished Creatures (others)
  14 fungi (Lair:2)
  21 plants
35 creatures vanquished.

Grand Total: 293 creatures vanquished

Notes
Turn   | Place    | Note
-------+----------+-------------------------------------------
     0 | D:1      | Morbidden the Vine Stalker Brigand began the quest for the
                  | Orb.
     0 | D:1      | Reached XP level 1. HP: 11/11 MP: 2/2
    20 | D:1      | Reached skill level 5 in Stealth
   149 | D:1      | Reached XP level 2. HP: 15/15 MP: 3/3
   416 | D:1      | Reached skill level 1 in Dodging
   425 | D:1      | You fall into a shaft and drop 1 floor!
   481 | D:2      | Reached XP level 3. HP: 15/18 MP: 2/4
  1153 | D:2      | Gained mutation: Your natural rate of healing is unusually
                  | fast. [Vine Stalker growth]
  1153 | D:2      | Reached XP level 4. HP: 20/23 MP: 6/6
  1723 | D:3      | Found a transporter.
  1743 | D:3      | Found a transporter.
  1768 | D:3      | Reached skill level 1 in Spellcasting
  2080 | D:3      | Found a glowing drain.
  2093 | Sewer    | Entered a sewer
  2156 | Sewer    | Noticed Purgy
  2169 | Sewer    | Killed Purgy
  2170 | Sewer    | Reached XP level 5. HP: 15/27 MP: 4/8
  2942 | D:4      | Reached XP level 6. HP: 7/32 MP: 9/9
  3257 | D:4      | You fall into a shaft and drop 2 floors!
  3274 | D:6      | Reached XP level 7. HP: 35/35 MP: 11/11
  3473 | D:6      | Noticed a two-headed ogre
  3841 | D:5      | Entered Level 5 of the Dungeon
  4481 | D:5      | Found a staircase to the Ecumenical Temple.
  4498 | Temple   | Entered the Ecumenical Temple
  4584 | Temple   | Became a worshipper of Gozag Ym Sagoz the Greedy
  4978 | D:5      | Gained mutation: You have razor-sharp teeth. [Vine Stalker
                  | growth]
  4978 | D:5      | Reached XP level 8. HP: 35/40 MP: 14/14
  5647 | D:6      | Killed a two-headed ogre
  5648 | D:6      | Reached XP level 9. HP: 16/46 MP: 4/16
  6279 | D:7      | Reached skill level 1 in Armour
  6805 | D:8      | Reached skill level 5 in Fighting
  6805 | D:8      | Reached skill level 5 in Dodging
  6817 | D:8      | Reached skill level 5 in Spellcasting
  6852 | D:7      | Reached skill level 1 in Long Blades
  7328 | D:8      | Reached skill level 5 in Short Blades
  7485 | D:8      | Noticed Maggie
  7510 | D:8      | Killed Maggie
  7511 | D:8      | Reached XP level 10. HP: 15/53 MP: 4/19
  8093 | D:9      | Found a staircase to the Lair.
  8940 | D:9      | Noticed a two-headed ogre
  9003 | D:9      | Killed a two-headed ogre
  9004 | D:9      | Reached skill level 5 in Armour
  9117 | D:9      | Killed an unseen horror
  9118 | D:9      | Reached XP level 11. HP: 33/58 MP: 12/22
  9373 | D:9      | Found a shimmering altar of Xom.
  9488 | D:10     | Entered Level 10 of the Dungeon
  9615 | Lair:1   | Entered Level 1 of the Lair of Beasts
  9832 | Lair:1   | Bought a +1 kite shield of protection for 198 gold pieces
 10440 | Lair:1   | Noticed an oklob plant
 10442 | Lair:1   | Upgraded the game from 0.26-a0-854-gdc81c2f471 to
                  | 0.26-a0-859-gf57989e088
 10520 | Lair:1   | Reached skill level 5 in Throwing
 11444 | Lair:2   | Found a staircase to the Snake Pit.
 11859 | Lair:2   | Reached skill level 1 in Shields
 11892 | Lair:2   | Learned a level 7 spell: Orb of Destruction
 12013 | Lair:1   | Gained mutation: You heal very quickly. [Vine Stalker
                  | growth]
 12013 | Lair:1   | Reached XP level 12. HP: 12/63 MP: 14/24
 12127 | Lair:2   | Reached skill level 1 in Conjurations
 12219 | Lair:2   | Slain by a cane toad

Illustrated notes

Levels and vault maps discovered:
D:1:      dpeg_arrival_tiny_h, layout_basic
D:2:      layout_loops_ring
D:3:      gammafunk_wand_slinger, layout_basic, cheibrodos_sewer_entry_bend
D:4:      layout_basic, kennysheep_generic_room_3
D:5:      layout_basic, minmay_temple_entry_glassed_door, small_statue_alley_b
D:6:      layout_rooms, minmay_manual_mullet
D:7:      layout_rooms, chequers_serial_rivers_micro_d
D:8:      layout_cave_pools, uniq_maggie
D:9:      layout_basic, general_overflow_altar, lair_entry_dummy
D:10:     layout_basic, david_orc_4, minmay_stone_trees_small,
          grunt_gozag_statues
Temple:   compressed_dpeg_circular_temple
Lair:1:   layout_cave_pods, minmay_lair_oklob_bushes,
          grunt_forest_large_clearing_hut, grunt_megastairs_1
Lair:2:   layout_layer_cave, guppyfry_snake_entry_garden,
          minmay_lair_oklob_chamber, infiniplex_staircase_pool

Skill      XL: |  1  2  3  4  5  6  7  8  9 10 11 12 |
---------------+-------------------------------------+-----
Stealth        | 5 6 7 8 |  8.8
Dodging        | 1 2 3 4 5 6 7 |  7.7
Fighting       | 2 3 4 5 6 7 |  7.6
Throwing       | 2 3 4 5 |  5.5
Short Blades   | 2 3 4 5 6 |  6.5
Spellcasting   | 1 2 3 4 5 6 7 8 |  8.0
Armour         | 3 5 6 |  6.7
Long Blades    | 1 |  1.2
Shields        | 1 |  1.4
Conjurations   | 1 |  1.0
Evocations     | |  0.2

Action                   |  1- 3 |  4- 6 |  7- 9 | 10-12 || total
-------------------------+-------+-------+-------+-------++-------
Melee: Dagger            |   103 |    88 |   365 |   652 ||  1208
       Bite              |    21 |    24 |   159 |   232 ||   436
       Falchion          |       |       |    40 |       ||    40
Throw: Dart              |    16 |    12 |    19 |    53 ||   100
       Boomerang         |       |    12 |     9 |    10 ||    31
Invok: Call Merchant     |       |       |       |     1 ||     1
Evoke: Wand              |       |     1 |     2 |     3 ||     6
  Use: Scroll            |     1 |     4 |     2 |     3 ||    10
       Potion            |       |     4 |       |       ||     4
 Stab: Sleeping          |     1 |    10 |     7 |     5 ||    23
       Distracted        |       |       |     1 |     8 ||     9
       Paralysed         |       |       |       |     1 ||     1
Armor: Robe              |    43 |    18 |    20 |       ||    81
       Skin              |       |    15 |       |       ||    15
       Leather armour    |       |       |    55 |       ||    55
       Swamp dragon scal |       |       |       |   138 ||   138
Dodge: Dodged            |    67 |    48 |   273 |   303 ||   691
       Repelled          |       |       |     3 |     5 ||     8
Block: Kite shield       |       |       |       |    81 ||    81
       Rpst.: Falchion   |       |       |    10 |       ||    10

Table legend: (Time is in decaauts)
 A = Elapsed time spent in this place.
 B = Non-inter-level travel time spent in this place.
 C = Inter-level travel time spent in this place.
 D = Time resting spent in this place.
 E = Time spent auto-exploring this place.
 F = Levels seen in this place.
 G = Mean time per level.
                   A        B        C        D        E       F      G
               +--------+--------+--------+--------+--------+-----+--------+
         Total |  12026 |  11580 |    446 |   1247 |   6992 |  14 |  859.0 |
       Dungeon |   9223 |   8819 |    404 |    583 |   5495 |  10 |  922.3 |
        Temple |    101 |    101 |      0 |      0 |     77 |   1 |  101.0 |
          Lair |   2531 |   2489 |     42 |    628 |   1340 |   2 | 1265.5 |
         Sewer |    170 |    170 |      0 |     36 |     80 |   1 |  170.0 |
               +--------+--------+--------+--------+--------+-----+--------+

Top non-repeatable levels by time:
  Lair:1: 1708 daAuts
     D:9: 1511 daAuts
     D:4: 1209 daAuts
     D:6: 1124 daAuts
     D:5: 1039 daAuts
     D:1: 999 daAuts
     D:8: 952 daAuts
     D:7: 899 daAuts
  Lair:2: 823 daAuts
     D:3: 712 daAuts
     D:2: 689 daAuts
   Sewer: 170 daAuts
  Temple: 101 daAuts
    D:10: 85 daAuts
